Map: Newkirk Precinct TE (Void)

Players

Musumeci

  • Race: Zerg Zerg
  • League: Diamond
  • Spawn Location: 5:00

verdana - Winner!

  • Race: Protoss Protoss
  • League: Diamond
  • Spawn Location: 7:00

VOD

Have the link to the VOD?

Description

Time

  • Played on: Jan. 15, 2017, 12:51 p.m.
  • Length: 6:02
Show
View Real Time Build Order
Export as new Build Order

Musumeci Zerg 

Build Orders: Pool Only, Ravager All-In 

Get SALT Encoding   

  12  0:01  Drone  
  13  0:28  Spawning Pool  
  13  0:31  Drone  
  13  0:32  Extractor  
  13  0:34  Drone  
  13  0:38  Drone  
  14  0:48  Overlord  
  14  1:03  Extractor  
  14  1:04  Drone  
  14  1:15  Roach Warren  
  13  1:27  Queen  
  15  1:42  Overlord  
  15  1:55  Roach x2  
  19  2:02  Roach  
  21  2:16  Ravager x2  
  23  2:28  Ravager  
  24  2:37  Roach  
  26  2:40  Zergling x2  
  27  2:47  Roach  
  29  3:06  Ravager  
  29  3:07  Overlord  
  29  3:11  Spore Crawler  
  29  3:14  Ravager  
  30  3:47  Roach  
  29  3:50  Roach  
  25  4:08  Roach  
  25  4:09  Roach x2  
  28  4:13  Ravager x2  
  27  4:27  Overlord  
  27  4:32  Ravager x2  
  27  4:36  Ravager  
  30  4:46  Roach  
  29  5:07  Ravager  
  30  5:34  Roach  
Show
View Real Time Build Order
Export as new Build Order

verdana Protoss - Winner!

Build Orders:  

Get SALT Encoding   

  12  0:01  Probe (Chrono Boost)  
  13  0:12  Probe (Chrono Boost)  
  14  0:19  Pylon  
  14  0:22  Probe (Chrono Boost)  
  15  0:37  Probe (Chrono Boost)  
  16  0:43  Gateway  
  16  0:47  Probe (Chrono Boost)  
  17  0:50  Assimilator  
  17  0:58  Probe (Chrono Boost)  
  18  1:08  Probe (Chrono Boost)  
  19  1:16  Assimilator  
  19  1:30  Gateway  
  19  1:32  Cybernetics Core  
  19  1:34  Probe (Chrono Boost)  
  20  1:40  Pylon  
  20  1:45  Probe (Chrono Boost)  
  21  1:55  Warp Gate, Zealot  
  21  1:56  Probe (Chrono Boost)  
  24  2:07  Pylon  
  24  2:13  Mothership Core (Chrono Boost)  
  26  2:17  Adept  
  28  2:27  Adept  
  30  2:35  Twilight Council  
  30  2:52  Adept  
  32  3:09  Nexus  
  32  3:15  Adept  
  34  3:26  Adept  
  31  3:34  Stargate  
  29  3:39  Pylon  
  25  4:01  Stalker  
  25  4:11  Stalker  
  27  4:23  Probe (Chrono Boost)  
  28  4:30  Oracle  
  28  4:34  Nexus  
  28  4:35  Probe (Chrono Boost)  
  28  4:37  Pylon  
  32  5:03  Gateway  
  32  5:04  Gateway  
  32  5:06  Stalker  
  34  5:17  Stalker  
  34  5:29  Pylon  
  34  5:32  Stalker  
  37  5:36  Probe (Chrono Boost)  
  37  5:44  Stalker  
  37  5:59  Stalker  
Tags
 
Add a new tag
Caveats
  • Supply blocks, unpowered buildings, or Contaminate may cause inaccurate times.
  • Supply counts are checked every 10 seconds.